Map: Eternal Empire LE

Players

TSGSolar (Solar)

  • Race: Zerg Zerg
  • League: Master
  • Spawn Location: 1:00

soO - Winner!

  • Race: Zerg Zerg
  • Spawn Location: 7:00

VOD

Have the link to the VOD?

Description

Time

  • Played on: Jan. 9, 2020, 9:50 a.m.
  • Length: 10:56
Show
View Real Time Build Order
Export as new Build Order

TSGSolar Zerg 

Build Orders: Hatch First 

Get SALT Encoding   

  12  0:02  Drone  
  13  0:12  Overlord  
  13  0:16  Drone  
  14  0:31  Drone x2  
  16  0:49  Hatchery  
  15  0:52  Drone  
  15  0:55  Drone  
  17  0:58  Drone  
  18  1:09  Extractor  
  17  1:14  Spawning Pool  
  17  1:17  Drone  
  17  1:19  Drone  
  18  1:28  Drone  
  19  1:39  Drone  
  20  1:50  Overlord  
  20  2:00  Queen x2  
  26  2:01  Drone x2  
  26  2:09  Metabolic Boost  
  26  2:11  Drone  
  26  2:12  Drone  
  28  2:21  Drone  
  28  2:22  Zergling x2  
  30  2:35  Hatchery  
  29  2:37  Drone  
  29  2:38  Drone  
  31  2:45  Queen  
  31  2:50  Overlord  
  33  2:53  Drone  
  33  2:58  Baneling Nest  
  33  3:00  Drone  
  33  3:02  Zergling x2  
  33  3:05  Drone  
  36  3:09  Drone x2  
  39  3:12  Drone  
  39  3:13  Drone  
  39  3:17  Zergling x4  
  42  3:23  Drone  
  43  3:28  Evolution Chamber  
  43  3:31  Overlord  
  43  3:32  Drone x2  
  44  3:47  Drone x6  
  49  3:50  Zergling x2  
  49  3:52  Zergling x2  
  49  3:53  Drone  
  49  3:54  Drone x2  
  54  3:57  Zerg Missile Weapons Level 1  
  54  3:58  Overlord  
  54  4:02  Drone  
  55  4:03  Drone  
  55  4:09  Drone  
  57  4:11  Drone, Overlord  
  58  4:17  Drone x3, Roach Warren  
  58  4:22  Lair  
  58  4:23  Drone x2  
  62  4:25  Drone  
  62  4:28  Extractor  
  62  4:29  Extractor, Drone x2  
  62  4:30  Drone  
  64  4:31  Zergling x2  
  64  4:32  Zergling x2  
  64  4:35  Drone x2  
  64  4:37  Overlord  
  67  4:39  Baneling  
  67  4:42  Zergling x4  
  67  4:45  Drone  
  70  4:47  Zergling x4, Extractor  
  70  4:48  Extractor  
  70  4:49  Baneling x2  
  70  4:56  Drone x5  
  70  4:57  Queen  
  77  5:05  Drone, Overlord  
  77  5:06  Drone  
  79  5:08  Drone  
  79  5:11  Drone  
  79  5:13  Overlord  
  81  5:14  Overlord x2  
  81  5:17  Extractor  
  81  5:19  Overlord  
  79  5:21  Overlord  
  79  5:23  Glial Reconstitution  
  79  5:24  Drone  
  79  5:26  Roach x4  
  87  5:38  Drone x4  
  87  5:39  Baneling  
  87  5:40  Drone x2  
  92  5:44  Spire, Drone x2  
  92  5:45  Roach x2  
  92  5:48  Overlord  
  97  5:53  Roach x2  
  100  5:59  Spore Crawler, Overlord  
  100  6:01  Spore Crawler x2  
  100  6:02  Spore Crawler, Drone  
  97  6:07  Drone x2  
  99  6:16  Overlord  
  99  6:23  Overlord  
  99  6:24  Overlord  
  99  6:26  Overlord  
  99  6:28  Overlord  
  99  6:34  Roach x3  
  105  6:42  Overlord  
  105  6:48  Roach x2  
  105  6:53  Overlord  
  109  6:55  Overlord  
  109  6:56  Corruptor  
  109  6:57  Corruptor x6, Overlord  
  109  7:00  Zerg Flyer Armor Level 1  
  123  7:01  Corruptor x2  
  123  7:03  Corruptor  
  128  7:09  Corruptor  
  128  7:15  Corruptor  
  132  7:23  Corruptor  
  132  7:29  Overlord  
  133  7:33  Corruptor x2  
  137  7:38  Hatchery, Roach x2  
  137  7:43  Drone x2  
  137  7:44  Drone  
  143  7:45  Corruptor, Overlord  
  143  7:48  Overlord  
  143  7:51  Roach x4  
  150  7:53  Roach x2  
  150  7:56  Roach x2  
  146  7:58  Roach  
  146  7:59  Roach  
  146  8:01  Roach  
  146  8:03  Unknown  
  151  8:07  Corruptor  
  151  8:08  Overlord  
  151  8:12  Corruptor  
  153  8:16  Queen  
  153  8:18  Drone x3  
  149  8:20  Roach  
  149  8:25  Roach x3  
  153  8:31  Drone x2  
  149  8:35  Corruptor  
  147  8:42  Roach x2  
  147  8:47  Corruptor  
  146  8:56  Roach x3  
  150  9:03  Corruptor  
  150  9:08  Roach x3  
  158  9:11  Roach x3  
  158  9:17  Corruptor  
  158  9:24  Drone x4  
  144  9:26  Corruptor  
  136  9:31  Corruptor  
  122  9:39  Roach x3  
  122  9:45  Corruptor x2  
  120  9:50  Corruptor  
  120  9:57  Roach x4  
  120  10:01  Roach x2  
  120  10:04  Corruptor  
  118  10:15  Corruptor  
  118  10:16  Drone  
  118  10:17  Drone x2  
  121  10:23  Corruptor x2  
  121  10:27  Drone  
  118  10:29  Roach x3  
  118  10:31  Roach  
  118  10:32  Roach  
  118  10:34  Roach  
  120  10:37  Roach  
Show
View Real Time Build Order
Export as new Build Order

soO Zerg - Winner!

Build Orders: Hatch First, Muta Ling Bane 

Get SALT Encoding   

  12  0:00  Drone  
  13  0:12  Overlord  
  13  0:16  Drone  
  14  0:30  Drone x2  
  16  0:47  Hatchery  
  15  0:50  Drone  
  15  0:54  Drone  
  17  0:57  Drone  
  18  1:07  Extractor  
  17  1:13  Spawning Pool  
  17  1:16  Drone  
  17  1:20  Drone  
  18  1:27  Drone  
  19  1:38  Drone  
  20  1:48  Overlord  
  20  1:59  Queen x2  
  20  2:00  Drone x2  
  26  2:10  Drone x2  
  26  2:11  Metabolic Boost  
  28  2:20  Drone  
  28  2:21  Drone  
  30  2:32  Hatchery  
  30  2:35  Drone  
  30  2:40  Drone  
  31  2:44  Queen  
  31  2:49  Overlord  
  33  2:53  Drone  
  33  2:56  Drone  
  35  2:59  Baneling Nest  
  35  3:01  Zergling x2  
  35  3:03  Drone  
  36  3:09  Drone x3  
  36  3:11  Drone  
  40  3:14  Drone  
  40  3:17  Overlord  
  40  3:19  Drone  
  42  3:22  Zergling x2  
  42  3:25  Zergling x2  
  44  3:31  Overlord  
  44  3:36  Lair, Drone  
  44  3:39  Extractor  
  44  3:40  Drone x2  
  46  3:41  Drone  
  46  3:43  Drone  
  46  3:45  Drone  
  49  3:48  Drone  
  49  3:50  Drone  
  49  3:54  Drone x3  
  49  3:55  Extractor  
  53  3:59  Evolution Chamber  
  53  4:01  Drone  
  52  4:11  Zergling x6  
  52  4:12  Zergling x2  
  56  4:20  Extractor  
  56  4:21  Drone  
  56  4:22  Drone x3, Overlord  
  59  4:26  Zerg Melee Weapons Level 1  
  59  4:29  Drone x3  
  59  4:30  Drone  
  63  4:33  Drone x3  
  63  4:36  Spire  
  65  4:38  Overlord  
  65  4:40  Overlord  
  65  4:43  Drone x2  
  65  4:45  Drone x2  
  69  4:48  Baneling x2  
  69  4:51  Drone x2  
  71  4:53  Extractor  
  71  4:54  Extractor  
  71  4:59  Zergling x10  
  74  5:06  Overlord  
  74  5:10  Overlord  
  74  5:11  Drone  
  75  5:16  Zergling x8  
  79  5:26  Drone  
  80  5:30  Drone  
  79  5:42  Drone  
  79  5:43  Overlord  
  79  5:49  Mutalisk x2  
  79  5:50  Mutalisk x7  
  97  5:57  Hatchery, Mutalisk  
  97  6:00  Overlord  
  97  6:04  Mutalisk  
  97  6:08  Drone x2  
  97  6:09  Drone  
  97  6:10  Drone x3  
  97  6:11  Centrifical Hooks  
  105  6:17  Overlord  
  105  6:24  Mutalisk x2  
  109  6:27  Overlord  
  109  6:29  Zergling x6  
  112  6:33  Overlord  
  112  6:36  Unknown  
  112  6:37  Overlord  
  112  6:39  Overlord, Zerg Flyer Weapons Level 1  
  111  6:50  Mutalisk x3  
  117  6:55  Overlord  
  117  6:59  Drone  
  117  7:00  Drone  
  117  7:01  Queen  
  121  7:08  Mutalisk x3  
  121  7:14  Mutalisk  
  129  7:18  Drone x2  
  129  7:19  Mutalisk  
  129  7:21  Zergling x12  
  138  7:32  Zerg Melee Weapons Level 2  
  138  7:37  Mutalisk x2  
  138  7:39  Zergling x26  
  155  7:46  Overlord  
  146  7:58  Mutalisk  
  146  7:59  Mutalisk x4  
  146  8:03  Zergling x8  
  157  8:13  Corruptor x3  
  157  8:16  Zergling x8  
  162  8:26  Mutalisk x3  
  159  8:29  Corruptor  
  159  8:32  Zergling x10  
  155  8:41  Corruptor x2  
  155  8:46  Zergling x14  
  163  8:52  Corruptor x2  
  166  9:00  Overlord x2  
  166  9:03  Overlord  
  166  9:09  Overlord  
  157  9:17  Mutalisk x6  
  157  9:22  Zergling x10  
  164  9:30  Mutalisk x2  
  157  9:31  Zergling x14  
  155  9:40  Mutalisk  
  155  9:41  Zergling x6  
  155  9:44  Mutalisk  
  158  9:49  Mutalisk  
  153  9:53  Zergling x2, Mutalisk  
  153  9:55  Zergling x6  
  153  9:56  Zergling x2  
  151  10:02  Corruptor  
  149  10:07  Mutalisk  
  149  10:11  Zergling x8, Unknown  
  144  10:24  Mutalisk x3  
  144  10:27  Zergling x2  
  143  10:31  Mutalisk  
  143  10:33  Zergling x10  
Tags
 
Add a new tag
Caveats
  • Supply blocks, unpowered buildings, or Contaminate may cause inaccurate times.
  • Supply counts are checked every 10 seconds.